 Dungeon Crawl Stone Soup version 0.22.1-1-ga44c0e5 (webtiles) character file.

546 dvd the Slasher (level 6, -3/51 HPs)
             Began as a Demigod Fighter on Nov 10, 2018.
             Killed by divine providence
             ... invoked by an orc priest
              (15 damage)
             ... on level 5 of the Dungeon.
             The game lasted 00:11:17 (4521 turns).

dvd the Slasher (Demigod Fighter)                   Turns: 4521, Time: 00:11:18

Health: -3/51      AC: 14    Str: 24    XL:     6   Next: 78%
Magic:  8/8        EV:  9    Int: 14    God:
Gold:   249        SH: 11    Dex: 17    Spells: 5/5 levels left

rFire    + . .     SeeInvis .   a - +1 long sword
rCold    . . .     Gourm    .   c - +1 shield
rNeg     . . .     Faith    .   k - +0 plate armour
rPois    .         Spirit   .   e - +2 helmet
rElec    .         Reflect  .   (no cloak)
rCorr    .         Harm     .   (no gloves)
MR       .....                  (no boots)
Stlth    ..........             (no amulet)
HPRegen  0.17/turn              A - +4 ring of evasion
MPRegen  0.11/turn              h - ring of attention (curse)

@: mighty
A: fire resistance 1, high mp 1, MP-powered wands
a: no special abilities


You were on level 5 of the Dungeon.
You were not hungry.

You visited 1 branch of the dungeon, and saw 5 of its levels.

You collected 249 gold pieces.

Inventory:

Hand Weapons
 a - a +1 long sword (weapon)
 m - a +3 spear of venom
 t - a +0 hunting sling
Missiles
 s - 3 tomahawks
 u - 132 stones (quivered)
 v - 4 tomahawks of returning
 w - 17 sling bullets
Armour
 b - a +0 scale mail
 c - a +1 shield (worn)
 e - a +2 helmet (worn)
 k - a +0 plate armour (worn)
 o - a +0 ring mail
 D - a +0 chain mail
Jewellery
 g - an uncursed ring of protection from cold
 h - a cursed ring of attention (right hand)
 z - an uncursed ring of protection from cold
 A - a +4 ring of evasion (left hand)
Scrolls
 j - a scroll of amnesia
 l - 2 scrolls of fear
 n - 4 scrolls of identify
 q - 3 scrolls of teleportation
 y - 2 scrolls of enchant armour
 B - a scroll of blinking
Potions
 i - a potion of brilliance
 p - a potion of resistance {unknown}
 r - a potion of flight
 x - a potion of heal wounds {unknown}
 C - a potion of degeneration {unknown}
Comestibles
 f - 5 rations
 E - 7 chunks of flesh


   Skills:
 + Level 3.4 Fighting
 + Level 4.7 Long Blades
 + Level 1.3 Slings
 + Level 3.4 Armour
 + Level 1.0 Dodging
 + Level 0.9 Stealth
 + Level 4.2 Shields


You had 5 spell levels left.
You didn't know any spells.
Your spell library was empty.

Dungeon Overview and Level Annotations

Branches:
Dungeon (5/15)
 Temple: D:4-7


Innate Abilities, Weirdness & Mutations

You have an increased reservoir of magic. (+10% MP)
Your flesh is heat resistant. (rF+)
You expend magic power (3 MP) to strengthen your wands.


Message History

You hit the orc priest but do no damage.
The orc priest is severely wounded.
The orc misses you.
The orc priest invokes the aid of Beogh against you.
Pain shoots through your body!
* * * LOW HITPOINT WARNING * * *
The orc hits you but does no damage.
You closely miss the orc priest.
The orc priest is severely wounded.
The orc priest casts a cantrip, but nothing happens.
The orc hits you but does no damage.
You closely miss the orc priest.
The orc priest is severely wounded.
The orc priest hits you but does no damage.
You block the orc's attack.
You closely miss the orc priest.
The orc priest is severely wounded.
The orc priest calls down the wrath of Beogh upon you.
Beogh smites you!
You die...

#.[......))..........'.
#..#+#####.....#.....#.
###............#..##)##
#.......##'#######.##
#.......#............
+######.......#............
.........#'####............
.........#....#............
.........#@o..#............
.........#o####...###+####'
.#+#######o######'##..####.
.o#............#..
..#............#..
.######...##....#..
.###########....##.
#..#..............##.
#..#..............#..


You could see 2 orc priests and 2 orcs.

Vanquished Creatures
  An ogre (D:4)
  A scorpion (D:2)
  2 orc priests
  A bullfrog skeleton (D:4)
  A centaur skeleton (D:4)
  Terence (D:2)
  An iguana (D:4)
  An orc wizard (D:5)
  2 worker ants (D:4)
  A hound skeleton (D:4)
  Robin (D:3)
  2 adders
  3 worms
  4 dart slugs
  4 leopard geckos
  14 orcs
  A bat zombie (D:1)
  9 giant cockroaches
  10 hobgoblins
  4 jackals
  6 kobolds
  2 quokkas
  A ball python (D:1)
  9 bats
  3 frilled lizards
  12 goblins
  A jackal skeleton (D:4)
  A quokka zombie (D:1)
  9 rats
108 creatures vanquished.

Notes
Turn   | Place    | Note
-------+----------+-------------------------------------------
     0 | D:1      | dvd the Demigod Fighter began the quest for the Orb.
     0 | D:1      | Reached XP level 1. HP: 18/18 MP: 3/3
   187 | D:1      | Reached XP level 2. HP: 25/25 MP: 4/4
   616 | D:1      | Reached XP level 3. HP: 28/30 MP: 5/5
   726 | D:2      | Noticed Terence
   978 | D:2      | Found an ancient bone altar of Kikubaaqudgha.
  1085 | D:2      | Killed Terence
  1085 | D:2      | Reached XP level 4. HP: 13/38 MP: 6/6
  1366 | D:2      | Found a faded altar of an unknown god.
  1842 | D:3      | Reached XP level 5. HP: 45/45 MP: 7/7
  1848 | D:3      | Noticed Robin
  1865 | D:3      | Killed Robin
  1868 | D:3      | Gained mutation: You expend magic power (3 MP) to
                  | strengthen your wands. [potion of mutation]
  1868 | D:3      | Gained mutation: Your flesh is heat resistant. (rF+)
                  | [potion of mutation]
  1890 | D:3      | HP: 3/67 [poisoned by Robin]
  1897 | D:3      | HP: 2/67 [poisoned by Robin]
  1902 | D:3      | HP: 1/67 [poisoned by Robin]
  1910 | D:3      | HP: 1/67 [poisoned by Robin]
  2505 | D:3      | Found a sacrificial altar of Ru.
  2822 | D:3      | Found a stormy altar of Qazlal.
  2822 | D:3      | Found a glowing silver altar of Zin.
  3023 | D:4      | Found a shadowy altar of Dithmenos.
  3039 | D:4      | Reached skill level 1 in Slings
  3121 | D:4      | Reached skill level 1 in Dodging
  3179 | D:4      | Reached XP level 6. HP: 35/51 MP: 8/8
  4158 | D:5      | Entered Level 5 of the Dungeon
  4521 | D:5      | Killed from afar by an orc priest

Skill      XL: |  1  2  3  4  5  6 |
---------------+-------------------+-----
Shields        | 3 4 |  4.2
Long Blades    | 2 3 4 |  4.7
Fighting       | 3 |  3.4
Armour         | 3 |  3.4
Slings         | 1 |  1.3
Dodging        | 1 |  1.0
Stealth        | |  0.9

Action                   |  1- 3 |  4- 6 || total
-------------------------+-------+-------++-------
Melee: Long sword        |   152 |   217 ||   369
       Hunting sling     |       |     2 ||     2
 Fire: Hunting sling     |       |    43 ||    43
Throw: Stone             |       |     1 ||     1
  Use: Scroll            |       |    10 ||    10
       Potion            |       |     8 ||     8
  Eat: Chunk             |     1 |    11 ||    12
Armor: Plate armour      |    29 |    50 ||    79
       Scale mail        |    36 |    56 ||    92
Dodge: Dodged            |    40 |    67 ||   107
Block: Shield            |    83 |   126 ||   209
       Rpst.: Long sword |    21 |    21 ||    42
